Map: Orbital Shipyard

Players

CatFacts - Winner!

  • Race: Protoss Protoss
  • League: Gold

VOD

Have the link to the VOD?

Description

Time

  • Played on: Feb. 10, 2016, 8:19 a.m.
  • Length: 5:07
Show
View Real Time Build Order
Export as new Build Order

CatFacts Protoss - Winner!

Build Orders:  

Get SALT Encoding   

  12  0:02  Probe (Chrono Boost)  
  12  0:13  Probe (Chrono Boost)  
  12  0:17  Pylon  
  12  0:23  Probe (Chrono Boost)  
  12  0:35  Probe (Chrono Boost)  
  12  0:37  Gateway  
  12  0:44  Assimilator  
  12  0:46  Probe (Chrono Boost)  
  12  0:57  Probe (Chrono Boost)  
  12  1:06  Pylon  
  12  1:09  Probe (Chrono Boost)  
  12  1:19  Probe (Chrono Boost)  
  12  1:25  Gateway  
  12  1:28  Gateway  
  12  1:36  Assimilator  
  12  1:42  Cybernetics Core  
  12  1:44  Probe (Chrono Boost)  
  12  1:51  Pylon  
  12  1:59  Probe (Chrono Boost)  
  12  2:03  Zealot  
  12  2:10  Probe (Chrono Boost)  
  12  2:19  Warp Gate (Chrono Boost)  
  12  2:21  Mothership Core  
  12  2:27  Adept x2  
  12  2:38  Adept  
  12  2:42  Pylon  
  12  2:49  Pylon  
  12  3:08  Gateway  
  12  3:12  Adept  
  12  3:13  Adept  
  12  3:17  Adept  
  12  3:38  Pylon  
  12  4:08  Stalker x4  
  12  4:31  Stalker x2  
  12  4:32  Stalker x2  
  12  4:42  Pylon  
  12  4:56  Adept x3  
  12  5:04  Adept  
Tags
 
Add a new tag
Caveats
  • Supply blocks, unpowered buildings, or Contaminate may cause inaccurate times.
  • Supply counts are checked every 10 seconds.